 Dungeon Crawl Stone Soup version 0.32-a0-720-g1d96ad090f (webtiles) character file.

Game seed: 8855684229865625822

2076 Graywind the Charlatan (level 9, 0/59 (64) HPs)
             Began as a Coglin Artificer on Mar 16, 2024.
             Was a Priest of Wu Jian.
             Succumbed to a hornet's poison
             ... while paralysed by a hornet
             ... on level 8 of the Dungeon.
             The game lasted 00:45:12 (4062 turns).

Graywind the Charlatan (Coglin Artificer)           Turns: 4062, Time: 00:45:12

HP:   0/59 (64)     AC: 11    Str: 14    XL:     9   Next: 26%
MP:   9/9           EV:  2    Int: 12    God:    Wu Jian [***...]
Gold: 400           SH:  0    Dex: 16    Spells: 8/8 levels left

rFire   . . .        s - +6 long sword "Akhlul Zyuk" {pain, rElec rCorr}
rCold   . . .        c - +4 trident (drain) {Balvinder}
rNeg    . . .        a - +3 leather armour
rPois   .            b - +1 helmet
rElec   +            (no cloak)
rCorr   +            q - +0 pair of gloves
SInv    .            h - +0 pair of boots
Will    .....        (amulet unavailable)
Stlth   ++           (ring unavailable)
HPRegen 0.29/turn    (ring unavailable)
MPRegen 0.11/turn    (no gizmo)

%: no passive effects
@: paralysed, lethally poisoned (0 -> -19), slowed, drained, revved
A: off-hand wielding, slow wielding, warmup strikes, no jewellery
a: Invent Gizmo, Renounce Religion, Wall Jump, Serpent's Lash


You were on level 8 of the Dungeon.
You worshipped Wu Jian.
Wu Jian was most pleased with you.
You visited 1 branch of the dungeon, and saw 8 of its levels.

You collected 400 gold pieces.

Inventory:

Hand Weapons
 c - a +4 trident of draining (offhand) {Balvinder}
 s - the +6 long sword "Akhlul Zyuk" (weapon) {pain, rElec rCorr}
   (You took it off an orc on level 3 of the Dungeon)

   rElec:     It insulates you from electricity.
   rCorr:     It protects you from acid and corrosion.
Armour
 a - a +3 leather armour (worn)
 b - a +1 helmet (worn)
 h - a +0 pair of boots (worn)
 q - a +0 pair of gloves (worn)
 w - an orb of energy
Wands
 d - a wand of charming (8)
 e - a wand of iceblast (1)
 i - a wand of paralysis (2)
Scrolls
 r - 3 scrolls of teleportation
 v - 2 scrolls of blinking
Potions
 f - 2 potions of heal wounds
 k - 2 potions of curing
 l - 2 potions of haste
 m - a potion of attraction {unknown}
 n - 2 potions of ambrosia {unknown}
 o - a potion of mutation {unknown}
 t - a potion of brilliance {unknown}
 u - a potion of experience {unknown}


   Skills:
 + Level 3.6 Fighting
 + Level 1.6(3.4) Short Blades
 + Level 5.2(5.4) Long Blades
 + Level 3.0(4.1) Axes
 + Level 2.0(2.7) Maces & Flails
 + Level 3.0(3.6) Polearms
 + Level 5.1 Armour
 + Level 3.0 Dodging
 + Level 2.3 Stealth
 + Level 6.4 Evocations


You had 8 spell levels left.
You didn't know any spells.
Your spell library contained the following spells:

 Spells                   Type           Power      Damage    Failure   Level
 Tukima's Dance           Hex            0%         N/A       77%         3
 Dimensional Bullseye     Hex/Tloc       0%         N/A       99%         4
 Iskenderun's Mystic Bla  Conj/Tloc      0%         2d3       99%         4


Dungeon Overview and Level Annotations

Branches:
Dungeon (8/15)             Temple (0/1) D:4
   Lair: D:8-11

Altars:
Fedhas
Gozag
Kikubaaqudgha
Nemelex Xobeh
Wu Jian
Zin

Shops:
D:1 ?   D:3 [   D:6 *

Portals:
Bailey: D:8


Innate Abilities, Weirdness & Mutations

You can wield a second weapon in your off-hand.
It takes a long time for you to wield or remove held weapons.
Your first few attacks do less damage.
You cannot equip rings or amulets.


Message History

The hornet closely misses you. The wight misses you. The hornet stings you.
You are more poisoned.
You feel as though you will be slow longer.
Unknown command.
You miss the hornet with your +4 trident of draining.
The hornet is severely wounded.
You closely miss the hornet with the +6 long sword "Akhlul Zyuk".
You feel very sick. The hornet stings you.
You are more poisoned.
You feel as though you will be slow longer.
The wight barely misses you. The hornet stings you.
You are lethally poisoned!
You feel as though you will be slow longer.
The wight closely misses you.
You hit the hornet with the +6 long sword "Akhlul Zyuk".
The hornet is severely wounded.
You puncture the hornet with your +4 trident of draining!
* * * LOW HITPOINT WARNING * * *
You feel extremely sick. The hornet barely misses you.
The wight hits you but does no damage. The hornet stings you.
* * * LOW HITPOINT WARNING * * *
You feel as though you will be slow longer.
The wight closely misses you.
You feel much better.
You feel very sick. The hornet stings you!
* * * LOW HITPOINT WARNING * * *
You suddenly lose the ability to move!
The hornet stings you.
* * * LOW HITPOINT WARNING * * *
You are lethally poisoned!
You feel as though you will be slow longer.
A shadow imp comes into view.
The wight hits you from afar with a +0 halberd!
* * * LOW HITPOINT WARNING * * *
You feel drained.
* * * LOW HITPOINT WARNING * * *
The hornet barely misses you.
You die...

....................
..5.......$.........#
....................
.....<..^...........
...............###
...............##
..........)))...#
........~~~~≈≈~.# #
.......@~##.##~.###.#.
.......y~#...#~.).....
#######z~#.∩.#~.......
#.~#...#~.......
#.~#####~.......
######.~≈~~≈~~.###+##
............)...#
#####......#..###
#............


You could see a hornet (drained), a wight and a shadow imp.

Vanquished Creatures
  Jeremiah (D:6)
  Eustachio (D:6)
  Menkaure (D:6)
  Duvessa (D:7)
  A water moccasin (D:7)
  A sky beast (D:7)
  A black bear (D:6)
  A centaur (D:7)
  A kobold brigand (D:6)
  Dowan (D:7)
  6 killer bees (D:7)
  A hound (D:5)
  2 orc priests
  Crazy Yiuf (D:7)
  5 iguanas
  Jessica (D:2)
  A sleepcap (D:6)
  3 orc wizards (D:7)
  A gnoll (D:6)
  2 adders
  A white imp (D:7)
  8 ufetubi
  2 dart slugs
  2 ribbon worms
  8 orcs
  3 bats
  3 bat zombies (D:4)
  5 endoplasms
  2 giant cockroaches (D:2)
  5 goblins
  7 hobgoblins
  3 jackals (D:1)
  3 quokkas
  5 ball pythons
  2 frilled lizards
  17 kobolds
  5 rats
114 creatures vanquished.

Vanquished Creatures (collateral kills)
  3 wights (D:8)
  An orc (D:7)
  4 goblins (D:8)
8 creatures vanquished.

Vanquished Creatures (others)
  An orc (D:3)
1 creature vanquished.

Grand Total: 123 creatures vanquished

Notes
Turn   | Place    | Note
-------+----------+-------------------------------------------
     0 | D:1      | Graywind the Coglin Artificer began the quest for the Orb.
     0 | D:1      | Reached XP level 1. HP: 15/15 MP: 1/1
    94 | D:1      | Reached skill level 1 in Dodging
   171 | D:1      | Reached XP level 2. HP: 17/21 MP: 2/2
   400 | D:1      | Found Henukh's Magic Scroll Shoppe.
   461 | D:1      | Reached XP level 3. HP: 19/26 MP: 3/3
   483 | D:2      | Reached skill level 1 in Short Blades
   492 | D:2      | Noticed Jessica
   496 | D:2      | Killed Jessica
   566 | D:2      | Identified the -2 pair of gloves "Ceul" {+Blink}
   589 | D:2      | Reached XP level 4. HP: 32/32 MP: 4/4
   701 | D:2      | Reached skill level 1 in Stealth
   954 | D:2      | Found a faded altar of an unknown god.
   960 | D:2      | Prayed at the altar of an unknown god.
   960 | D:2      | Became a worshipper of the Wu Jian Council
   960 | D:2      | Reached * piety under Wu Jian
  1294 | D:3      | Reached skill level 1 in Maces & Flails
  1294 | D:3      | Reached XP level 5. HP: 35/37 MP: 5/5
  1385 | D:3      | Found a blossoming altar of Fedhas.
  1586 | D:3      | Identified the +6 long sword "Akhlul Zyuk" {pain, rElec
                  | rCorr}
  1671 | D:3      | Found Toishygg's Antique Armour Emporium.
  1939 | D:4      | Found an ancient bone altar of Kikubaaqudgha.
  2024 | D:4      | Found an opulent altar of Gozag.
  2119 | D:4      | Found a staircase to the Ecumenical Temple.
  2162 | D:4      | Found a sparkling altar of Nemelex Xobeh.
  2425 | D:5      | Entered Level 5 of the Dungeon
  2469 | D:5      | Reached skill level 1 in Axes
  2469 | D:5      | Reached XP level 6. HP: 38/44 MP: 6/6
  2509 | D:5      | Reached skill level 1 in Long Blades
  2661 | D:6      | Reached ** piety under Wu Jian
  2676 | D:6      | Noticed Jeremiah
  2698 | D:6      | Killed Jeremiah
  2698 | D:6      | Noticed Menkaure
  2699 | D:6      | Reached skill level 5 in Evocations
  2699 | D:6      | Reached XP level 7. HP: 24/50 MP: 7/7
  2700 | D:6      | Killed Menkaure
  2944 | D:6      | Noticed Eustachio
  2954 | D:6      | Killed Eustachio
  2955 | D:6      | Reached skill level 6 in Evocations
  2955 | D:6      | Reached XP level 8. HP: 57/57 MP: 8/8
  2972 | D:6      | Reached skill level 1 in Polearms
  2995 | D:6      | Found Diklutaa's Mayhem Merchandise.
  3082 | D:7      | Identified the +1 robe "Xan Nun" {rF- Str+5}
  3311 | D:7      | Found a runed translucent door.
  3312 | D:7      | Noticed Crazy Yiuf
  3318 | D:7      | Killed Crazy Yiuf
  3467 | D:7      | Reached XP level 9. HP: 13/64 MP: 9/9
  3707 | D:7      | Found a glowing silver altar of Zin.
  3783 | D:7      | Reached skill level 5 in Armour
  3796 | D:7      | Noticed Dowan
  3797 | D:7      | Noticed Duvessa
  3804 | D:7      | Killed Dowan
  3811 | D:7      | Killed Duvessa
  3812 | D:7      | Reached skill level 5 in Long Blades
  4024 | D:8      | Noticed a hornet
  4027 | D:8      | Found a flagged portal.
  4037 | D:8      | Reached *** piety under Wu Jian
  4061 | D:8      | Paralysed by a hornet for 2 turns
  4062 | D:8      | Succumbed to a hornet's poison

Illustrated notes

Levels and vault maps discovered:
D:1:      minmay_arrival_widening_spiral_wide, layout_basic, serial_shops, shop
D:2:      layout_loops_ring, chequers_ecumenical_altar_simple,
          serial_bayou_pond_d, minmay_misc_feat_tower, uniq_jessica
D:3:      layout_basic, overflow_temple_1_default, serial_shops,
          nicolae_shop_dealshenge, lexackson_kobold_supper
D:4:      layout_basic, amcnicky_altar_gilded,
          lemuel_zombie_altar_kikubaaqudgha, mainiacjoe_overflow_tiny_flanked,
          minmay_temple_entry_large_hall
D:5:      layout_layer_cave
D:6:      layout_rooms, minmay_shop_mayhem,
          hangedman_abyss_or_decor_lesser_grid, kennysheep_windowed_goal,
          uniq_menkaure, uniq_eustachio, uniq_jeremiah
D:7:      layout_basic, lemuel_blue_sif_altar, lemuel_crystal_altar,
          uniq_duvessa, uniq_crazy_yiuf_cottage
D:8:      layout_basic, nicolae_uskayaw_dance_hall, serial_demonic,
          serial_demonic_c, serial_demonic_g, serial_demonic_c,
          serial_demonic_f, enter_bailey_3, chequers_arboretum, uniq_maurice,
          uniq_maggie

Skill      XL: |  1  2  3  4  5  6  7  8  9 |
---------------+----------------------------+-----
Dodging        | 1 2 3 |  3.0
Armour         | 2 3 4 5 |  5.1
Short Blades   | 1 |  1.6
Stealth        | 1 2 |  2.3
Maces & Flails | 1 2 |  2.0
Axes           | 1 2 3 |  3.0
Long Blades    | 2 4 5 |  5.2
Fighting       | 2 3 |  3.6
Evocations     | 5 6 |  6.4
Polearms       | 2 3 |  3.0

Action                     |  1- 3 |  4- 6 |  7- 9 || total
---------------------------+-------+-------+-------++-------
  Melee: Club              |    73 |       |       ||    73
         Dagger            |    73 |    38 |       ||   111
         Mace              |     1 |    52 |       ||    53
         Hand axe          |       |    65 |     8 ||    73
         Long sword        |       |    57 |    96 ||   153
         Trident           |       |       |    89 ||    89
Ability: Lunge             |       |     4 |     4 ||     8
         Whirlwind         |       |     3 |     8 ||    11
         Wall Jump         |       |       |     1 ||     1
  Evoke: Wand              |     2 |    13 |    16 ||    31
    Use: Scroll            |     2 |    10 |     4 ||    16
         Potion            |     1 |       |     3 ||     4
   Stab: Sleeping          |     1 |       |       ||     1
         Paralysed         |       |       |     6 ||     6
 Armour: Leather armour    |    48 |       |    46 ||    94
         Chain mail        |     1 |   122 |    37 ||   160
         Ring mail         |       |       |    34 ||    34
  Dodge: Dodged            |    49 |    39 |    73 ||   161

Table legend: (Time is in decaauts)
 A = Elapsed time spent in this place.
 B = Non-inter-level travel time spent in this place.
 C = Inter-level travel time spent in this place.
 D = Time resting spent in this place.
 E = Time spent auto-exploring this place.
 F = Levels seen in this place.
 G = Mean time per level.
                   A        B        C        D        E       F      G
               +--------+--------+--------+--------+--------+-----+--------+
         Total |   4121 |   4121 |      0 |    435 |      0 |   8 |  515.1 |
       Dungeon |   4121 |   4121 |      0 |    435 |      0 |   8 |  515.1 |
               +--------+--------+--------+--------+--------+-----+--------+

Top non-repeatable levels by time:
     D:7: 968 daAuts
     D:3: 803 daAuts
     D:2: 663 daAuts
     D:4: 507 daAuts
     D:1: 482 daAuts
     D:6: 423 daAuts
     D:5: 214 daAuts
     D:8: 59 daAuts
